 Dungeon Crawl Stone Soup version 0.19-b1-5-gdc9fa9d (webtiles) character file.

154 scalarboson the Firebug (level 5, -2/28 HPs)
             Began as a Deep Elf Fire Elementalist on Oct 31, 2016.
             Killed from afar by scalarboson's ghost (12 damage)
             ... with a flame tongue
             ... on level 3 of the Dungeon.
             The game lasted 00:07:11 (2263 turns).

scalarboson the Firebug (DEFE)                      Turns: 2263, Time: 00:07:12

Health: -2/28      AC:  4    Str:  5    XL:     5   Next: 13%
Magic:  4/11       EV: 13    Int: 21    God:
Gold:   71         SH:  0    Dex: 15    Spells: 1 memorised, 9 levels left

rFire  . . .     SeeInvis .     g - +0 dagger
rCold  . . .     Gourm    .     a - +0 robe
rNeg   . . .     Faith    .     (no shield)
rPois  .         Spirit   .     (no helmet)
rElec  .         Reflect  .     (no cloak)
rCorr  .         Harm     .     h - +0 pair of gloves
MR     .....                    (no boots)
Stlth  ++........               (no amulet)
                                (no ring)
                                (no ring)

@: very slightly contaminated
A: hooves 1, slimy green scales 1, deformed body
a: no special abilities


You were on level 3 of the Dungeon.
You were full.

You visited 1 branch of the dungeon, and saw 3 of its levels.

You collected 71 gold pieces.

Inventory:

Hand Weapons
 g - a +0 dagger (weapon)
Armour
 a - a +0 robe (worn)
 h - a +0 pair of gloves (worn)
Jewellery
 i - an uncursed ring of wizardry {unknown}
Wands
 e - a wand of iceblast (6/15)
Scrolls
 d - a scroll of fear {unknown}
Potions
 f - a potion of might
Books
 b - a book of Flames

   Spells                             Type                      Level
   a - Flame Tongue                   Conjuration/Fire             1
   b - Throw Flame                    Conjuration/Fire             2
   c - Conjure Flame                  Conjuration/Fire             3
   d - Inner Flame                    Hexes/Fire                   3
   e - Sticky Flame                   Conjuration/Fire             4
   f - Fireball                       Conjuration/Fire             5
Comestibles
 c - 3 bread rations
 j - a chunk of flesh


   Skills:
 - Level 2.4 Dodging
 - Level 2.4 Stealth
 - Level 3.0 Spellcasting
 - Level 1.1 Conjurations
 + Level 6.4 Fire Magic


You had 9 spell levels left.
You knew the following spells:

 Your Spells              Type           Power        Failure   Level  Hunger
a - Flame Tongue          Conj/Fire      ###..        2%          1    None


Dungeon Overview and Level Annotations

Branches:
Dungeon (3/15)

Altars:

Annotations:
D:3 scalarboson's ghost, amateur TeFE


Innate Abilities, Weirdness & Mutations

You have large cloven feet.
You are partially covered in slimy green scales. (AC +2)
Armour fits poorly on your strangely shaped body.


Message History

Strange energies run through your body.
Scalarboson's ghost completely misses you.
The kobold throws a stone.
The stone closely misses you.
Casting: Flame Tongue
Confirm with . or Enter, or press ? or * to list all spells.
Aiming: Flame Tongue
Press: ? - help, Shift-Dir - straight line, f/p - scalarboson's ghost
Aim: scalarboson's ghost, wielding a weapon of protection (almost destroyed)
The flame tongue misses scalarboson's ghost.
Scalarboson's ghost hits you but does no damage.
Casting: Flame Tongue
Confirm with . or Enter, or press ? or * to list all spells.
Aiming: Flame Tongue
Press: ? - help, Shift-Dir - straight line, f/p - scalarboson's ghost
Aim: scalarboson's ghost, wielding a weapon of protection (almost destroyed)
The flame tongue misses scalarboson's ghost.
Scalarboson's ghost lets out a mournful wail.
Scalarboson's ghost points at you and mumbles some strange words.
The flame tongue hits you!
You die...

######.#######.# #...#
#...........>..# #.###
#.####.#######.# #.#
##.## #.#######.#####.#
##...###..........†..#.#
##.........##########.#.#
#.............# #.#.#
#.......##K##.#######.#.#
#.#...#.##@# #W......#.#
#.##.##.##W# #.#####.#.#
#.##.##.##.# #.#.#
#.##....##.# #.#####.#.#
#.####..##.##.#(..†[....#
#.###.#..[......(####.###
#....###...........†..#
#####.#.#######.#######
##.##


You could see scalarboson's ghost and a kobold.

Vanquished Creatures
  Jessica (D:3)
  4 gnolls (D:2)
  4 adders
  An ooze (D:3)
  3 leopard geckos
  2 giant cockroaches (D:3)
  9 goblins
  5 hobgoblins
  3 jackals (D:1)
  3 quokkas
  4 bats
  A frilled lizard (D:3)
  A kobold (D:1)
  6 rats
47 creatures vanquished.

Notes
Turn   | Place    | Note
-------+----------+-------------------------------------------
     0 | D:1      | scalarboson the Deep Elf Fire Elementalist began the quest for the Orb.
     0 | D:1      | Reached XP level 1. HP: 10/10 MP: 6/6
   264 | D:1      | Reached skill level 4 in Fire Magic
   264 | D:1      | Reached XP level 2. HP: 15/15 MP: 6/8
   976 | D:2      | Reached XP level 3. HP: 15/19 MP: 5/9
  1288 | D:2      | Reached skill level 5 in Fire Magic
  1423 | D:2      | Reached XP level 4. HP: 18/24 MP: 3/10
  1859 | D:3      | Gained mutation: You are partially covered in slimy green scales. (AC +2) [potion of mutation]
  1859 | D:3      | Gained mutation: Armour fits poorly on your strangely shaped body. [potion of mutation]
  1859 | D:3      | Gained mutation: You have large cloven feet. [potion of mutation]
  1974 | D:3      | Reached skill level 6 in Fire Magic
  2003 | D:3      | Noticed Jessica
  2012 | D:3      | Killed Jessica
  2012 | D:3      | Reached XP level 5. HP: 25/28 MP: 4/11
  2016 | D:3      | Noticed scalarboson's ghost (amateur TeFE)
  2263 | D:3      | Killed from afar by scalarboson's ghost

Skill      XL: |  1  2  3  4 |
---------------+-------------+-----
Fire Magic     | 4 5 6 |  6.4
Dodging        | |  2.4
Stealth        | |  2.4
Spellcasting   | |  3.0
Conjurations   | |  1.1

Action                   |  1- 3 |  4- 6 || total
-------------------------+-------+-------++-------
Melee: Unarmed           |    11 |       ||    11
       Dagger            |       |     3 ||     3
 Cast: Flame Tongue      |    58 |    42 ||   100
  Use: Potion            |     2 |     1 ||     3
       Scroll            |     1 |     2 ||     3
  Eat: Chunk             |     1 |     2 ||     3
       Meat ration       |       |     1 ||     1
Armor: Robe              |     6 |     3 ||     9
Dodge: Dodged            |    20 |    14 ||    34
